 Dungeon Crawl Stone Soup version 0.29-a0-451-gfbfa42419e (webtiles) character file.

Game seed: 15889933139345367788

1043 ytrimaz the Insei (level 8, 0/48 HPs)
             Began as an Octopode Transmuter on May 19, 2022.
             Slain by a gnoll
             ... wielding a +0 spear
              (5 damage)
             ... on level 5 of the Dungeon.
             The game lasted 00:08:20 (5997 turns).

ytrimaz the Insei (Octopode Transmuter)             Turns: 5997, Time: 00:08:21

Health: 0/48       AC:  6    Str:  9    XL:     8   Next: 25%
Magic:  14/15      EV: 19    Int: 18    God:
Gold:   129        SH:  0    Dex: 17    Spells: 7/16 levels left

rFire   . . .      SeeInvis .     - Unarmed
rCold   . . .      Faith    .   (shield currently unavailable)
rNeg    . . .      Spirit   .   (helmet currently unavailable)
rPois   x          Reflect  .   m - amulet of magic regeneration
rElec   .          Harm     .   b - +4 ring of protection
rCorr   .          Rampage  .   j - ring of flight
Will    .....                   (no ring)
Stlth   ++........              (no ring)
HPRegen 0.16/turn               (no ring)
MPRegen 0.54/turn               (no ring)
                                (no ring)
                                (no ring)

@: spider-form (expiring), wereblooded, flying
A: venomous fangs, almost no armour, (amphibious), 8 rings, tiny, (camouflage
1), (gelatinous body 1), (nimble swimmer 1), (tentacles)
a: End Transformation


You were on level 5 of the Dungeon.
You were a venomous arachnid creature.
You visited 1 branch of the dungeon, and saw 5 of its levels.
You also visited: Sewer.

You collected 177 gold pieces.
You spent 48 gold pieces at shops.

Inventory:

Jewellery
 b - a +4 ring of protection (left front leg)
 j - a ring of flight (right front leg)
 m - an amulet of magic regeneration (around neck)
Wands
 l - a wand of iceblast (12)
 s - a wand of flame (26)
Scrolls
 g - 9 scrolls of teleportation
 o - a scroll of blinking
 p - 2 scrolls of magic mapping
 q - a scroll of enchant weapon
 v - a scroll of amnesia
 w - a scroll of vulnerability {unknown}
Potions
 a - 2 potions of lignification
 c - a potion of degeneration {unknown}
 d - a potion of resistance
 e - 2 potions of cancellation {unknown}
 f - 2 potions of ambrosia
 h - a potion of magic {unknown}
 i - a potion of curing {unknown}
 k - 4 potions of might
 n - a potion of attraction {unknown}
 t - 3 potions of haste {unknown}
 u - a potion of brilliance {unknown}


   Skills:
 - Level 1.0 Fighting
 - Level 2.0 Dodging
 * Level 6.8 Unarmed Combat
 * Level 4.7 Spellcasting
 * Level 4.9 Transmutations
 * Level 2.0 Ice Magic
 - Level 0.1 Poison Magic


You had 7 spell levels left.
You knew the following spells:

 Your Spells              Type           Power      Damage    Failure   Level
a - Beastly Appendage     Tmut           44%        N/A       8%          1
b - Wereblood             Tmut           22%        N/A       10%         2
c - Spider Form           Tmut/Pois      13%        N/A       32%         3
d - Ozocubu's Armour      Ice            11%        N/A       38%         3

Your spell library contained the following spells:

 Spells                   Type           Power      Damage    Failure   Level
 Ice Form                 Ice/Tmut       16%        N/A       54%         4
 Ozocubu's Refrigeration  Ice            5%         4d6       100%        7


Dungeon Overview and Level Annotations

Branches:
Dungeon (5/15)              Sewer (visited)
 Temple: D:4-7

Altars:

Shops:
D:2 [*=!

Annotations:
D:4 1 runed translucent door, xian's ghost, amateur DEVM


Innate Abilities, Weirdness & Mutations

You are a venomous arachnid creature.
You have poisonous fangs.
You are tiny and dextrous.
Your spellcasting is less reliable in this form.
Your armour is entirely melded.
You are incapable of wielding weapons or throwing items.
You cannot wear most types of armour.
((You are amphibious.))
You can wear up to eight rings at the same time.
((Your skin changes colour to match your surroundings (Stealth+).))
((Your rubbery body absorbs attacks. (AC +1, EV +1)))
((You are camouflaged when in or above water. (Stealth+)))
((You have tentacles for arms and can constrict up to eight enemies at once.))


Message History

Things that are here:
a +0 flail; a +0 flail You hit the gnoll but do no damage.
The gnoll is poisoned.
The gnoll barely misses you.
The gnoll hits you from afar with a +0 spear.
The gnoll shouts!
You bite the gnoll!
The gnoll looks as sick as possible!
The gnoll is severely wounded.
You barely miss the gnoll.
The gnoll is severely wounded.
Your transformation is almost over.
The gnoll closely misses you. The gnoll misses you.
You hit the gnoll.
You feel a bit better.
You kill the gnoll!
The gnoll misses you.
You hit the gnoll sergeant.
The gnoll sergeant is poisoned.
The gnoll sergeant is moderately wounded.
The gnoll misses you.
The gnoll sergeant hits you with the +3 woodcutter's axe {vorpal}.
You bite the gnoll sergeant!
The gnoll sergeant is severely wounded.
The gnoll misses you. The gnoll sergeant closely misses you.
You hit the gnoll sergeant.
The gnoll sergeant looks as sick as possible!
The gnoll sergeant is almost dead.
You feel a bit better.
You kill the gnoll sergeant!
The gnoll hits you from afar with a +0 spear.
Your magical contamination has completely faded away.
Your Ice Magic skill increases to level 2!
Items here: ))))) [[ †††.
You bite the gnoll!
The gnoll is poisoned.
The gnoll is severely wounded.
The gnoll barely misses you. The gnoll completely misses you.
The gnoll hits you with a +0 flail!
* * * LOW HITPOINT WARNING * * *
You completely miss the gnoll.
The gnoll is almost dead.
The gnoll hits you with a +0 spear.
You die...

≈≈≈≈≈#.#.............#.#.....
########....g#.##....### ...
÷÷≈≈≈≈≈≈#....####..#..# .
##≈#≈#≈≈...##.....###....
≈≈≈≈≈.≈....##..#### #....
..≈.....#..##..## .....
.)......##..#...# .....
.....#####....g##### ....
###....##......)sg.# #
####.##......##g##
###...#......##♣.♣
##............#♣♣.♣♣
#............##♣).)♣
....##......## ♣...♣
....##.....## ♣.....♣
#.#####..### ♣)..♣.♣ ### ####
..♣....


You could see 3 gnolls.

Vanquished Creatures
  A black bear (D:5)
  An ogre (D:4)
  3 kobold brigands (Sewer)
  A gnoll sergeant (D:5)
  3 hounds (D:5)
  A jelly (D:4)
  An orc priest (D:4)
  A gnoll shaman (D:5)
  2 iguanas
  An orc wizard (D:5)
  13 gnolls
  5 river rats (D:5)
  5 adders
  3 worms
  2 dart slugs
  9 orcs
  6 ball pythons
  5 bats
  8 endoplasms
  6 giant cockroaches
  10 goblins
  8 hobgoblins
  2 jackals (D:2)
  3 quokkas
  6 frilled lizards
  24 kobolds
  11 rats
141 creatures vanquished.

Vanquished Creatures (others)
  6 plants
6 creatures vanquished.

Grand Total: 147 creatures vanquished

Notes
Turn   | Place    | Note
-------+----------+-------------------------------------------
     0 | D:1      | ytrimaz the Octopode Transmuter began the quest for the
                  | Orb.
     0 | D:1      | Reached XP level 1. HP: 13/13 MP: 3/3
   242 | D:1      | Reached XP level 2. HP: 18/18 MP: 3/5
  1003 | D:1      | Learned a level 2 spell: Wereblood
  1092 | D:2      | Reached XP level 3. HP: 23/23 MP: 4/6
  1172 | D:2      | Found Cemanum's Assorted Antiques.
  1483 | D:2      | Found Oxutuhest's Armour Emporium.
  1688 | D:2      | Found Qeok's Distillery.
  1694 | D:2      | Bought a potion of might for 48 gold pieces
  1791 | D:2      | Found Cej Umuig's Jewellery Emporium.
  2121 | D:3      | Learned a level 3 spell: Spider Form
  2145 | D:3      | Reached XP level 4. HP: 28/28 MP: 5/7
  2349 | D:3      | Reached skill level 4 in Unarmed Combat
  3312 | D:4      | Noticed an ogre
  3410 | D:4      | Reached XP level 5. HP: 26/33 MP: 9/9
  4244 | D:4      | Found a runed translucent door.
  4246 | D:4      | Noticed xian's ghost (amateur DEVM)
  4294 | D:4      | Killed an ogre
  4295 | D:4      | Reached XP level 6. HP: 38/38 MP: 11/11
  4825 | D:5      | Entered Level 5 of the Dungeon
  4855 | D:5      | Learned a level 3 spell: Ozocubu's Armour
  4868 | D:5      | Reached skill level 5 in Unarmed Combat
  4940 | D:5      | Noticed a black bear
  4953 | D:5      | Killed a black bear
  4954 | D:5      | Reached XP level 7. HP: 43/43 MP: 9/13
  5013 | D:5      | Reached skill level 1 in Ice Magic
  5217 | D:5      | Identified the +8 dagger "Zocu" {holy, rC+ Str-2 Int+2}
  5404 | D:5      | Found a glowing drain.
  5417 | Sewer    | Entered a sewer
  5578 | Sewer    | Reached skill level 6 in Unarmed Combat
  5650 | Sewer    | Reached XP level 8. HP: 25/48 MP: 14/14
  5997 | D:5      | Slain by a gnoll

Illustrated notes

Levels and vault maps discovered:
D:1:      zaba_arrival_water, layout_basic, serial_forest,
          infiniplex_forest_clump_curved, infiniplex_forest_zigzag_1,
          infiniplex_forest_clump_diagonal, infiniplex_forest_end_3,
          infiniplex_forest_lined_ring, infiniplex_forest_clump_curved,
          infiniplex_forest_clump_tiny, infiniplex_forest_end_1,
          minmay_distorted
D:2:      layout_basic, serial_shops, nicolae_lakefront_shop,
          nicolae_shop_hallway_plus, nicolae_shop_overgrown_old_shop, shop,
          minmay_misc_feat_square, kennysheep_generic_room_4
D:3:      layout_loops_corners, roderic_roman_lattice, grunt_decor_one_mirror
D:4:      kennysheep_the_goblin_king, layout_basic, gammafunk_ghost_grave
D:5:      layout_cave_pools, lightli_sewer_entry_pipes,
          pf_guarded_unrand_woodcutter

Skill      XL: |  1  2  3  4  5  6  7  8 |
---------------+-------------------------+-----
Unarmed Combat | 4 5 6 |  6.8
Spellcasting   | 3 4 |  4.7
Transmutations | 3 4 |  4.9
Ice Magic      | 1 2 |  2.0
Fighting       | |  1.0
Dodging        | |  2.0
Poison Magic   | |  0.1

Action                   |  1- 3 |  4- 6 |  7- 9 || total
-------------------------+-------+-------+-------++-------
Melee: Unarmed           |    81 |   119 |   127 ||   327
       Tentacles         |    11 |    11 |    18 ||    40
       Kick              |    17 |    17 |    17 ||    51
       Constrict         |    21 |    23 |    19 ||    63
       Punch             |     3 |     2 |     5 ||    10
 Cast: Beastly Appendage |    28 |    18 |     8 ||    54
       Wereblood         |     3 |     4 |     8 ||    15
       Spider Form       |       |     4 |     6 ||    10
  Use: Scroll            |     4 |     2 |     3 ||     9
       Potion            |       |     2 |       ||     2
 Stab: Sleeping          |     5 |     7 |     2 ||    14
Armor: Skin              |    27 |    30 |    24 ||    81
Dodge: Dodged            |    54 |    81 |    96 ||   231

Table legend: (Time is in decaauts)
 A = Elapsed time spent in this place.
 B = Non-inter-level travel time spent in this place.
 C = Inter-level travel time spent in this place.
 D = Time resting spent in this place.
 E = Time spent auto-exploring this place.
 F = Levels seen in this place.
 G = Mean time per level.
                   A        B        C        D        E       F      G
               +--------+--------+--------+--------+--------+-----+--------+
         Total |   5965 |   5808 |    157 |    532 |   4024 |   6 |  994.2 |
       Dungeon |   5543 |   5386 |    157 |    520 |   3821 |   5 | 1108.6 |
         Sewer |    422 |    422 |      0 |     12 |    203 |   1 |  422.0 |
               +--------+--------+--------+--------+--------+-----+--------+

Top non-repeatable levels by time:
     D:4: 1867 daAuts
     D:1: 1029 daAuts
     D:3: 991 daAuts
     D:2: 922 daAuts
     D:5: 733 daAuts
   Sewer: 422 daAuts
